 Dungeon Crawl Stone Soup version 0.31.0-11-ge490571c62 (webtiles) character file.

Game seed: 444493311606649548

102 Gadfly the Insei (level 4, -3/35 HPs)
             Began as a Demonspawn Monk on Feb 2, 2024.
             Slain by a black bear (5 damage)
             ... on level 3 of the Dungeon.
             The game lasted 00:01:46 (2540 turns).

Gadfly the Insei (Demonspawn Monk)                  Turns: 2540, Time: 00:01:47

Health: -3/35      AC:  4    Str: 13    XL:     4   Next: 49%
Magic:  4/4        EV: 13    Int: 10    God:
Gold:   122        SH:  4    Dex: 16    Spells: 3/3 levels left

rFire   . .          .
                       - Unarmed
rCold   . . .        c - orb {light}
rNeg    . . .        a - +0 robe
rPois   .            (no helmet)
rElec   .            (no cloak)
rCorr   .            (no gloves)
SInv    .            (no boots)
Will    .....        (no amulet)
Stlth   +            (no ring)
HPRegen 0.25/turn    (no ring)
MPRegen 0.09/turn

%: no passive effects
@: glowing
A: thin metallic scales 1, condensation shield
a: no special abilities


You were on level 3 of the Dungeon.
You visited 1 branch of the dungeon, and saw 3 of its levels.

You collected 122 gold pieces.

Inventory:

Hand Weapons
 i - a +2 club
Armour
 a - a +0 robe (worn)
 c - an orb of light (worn)
 j - a +0 leather armour of fire resistance
Scrolls
 f - a scroll of fear
Potions
 b - a potion of ambrosia
 d - a potion of lignification
 e - a potion of enlightenment {unknown}
 g - a potion of heal wounds {unknown}
 h - a potion of resistance {unknown}


   Skills:
 - Level 3.0 Fighting
 + Level 3.1 Dodging
 * Level 3.4 Unarmed Combat
 * Level 2.0 Evocations
 * Level 1.6 Shapeshifting


You had 3 spell levels left.
You didn't know any spells.
Your spell library was empty.

Dungeon Overview and Level Annotations

Branches:
Dungeon (3/15)

Altars:

Shops:
D:2 *


Innate Abilities, Weirdness & Mutations

You are partially covered in thin metallic scales. (AC +2)
A meltable shield of frost defends you. (SH +4)


Message History

The black bear is heavily wounded.
The black bear barely misses you. x2; The black bear claws you.
You hit the black bear.
The black bear is heavily wounded.
The black bear bites you! The black bear closely misses you.
The black bear misses you.
You are too injured to fight recklessly!
You are too injured to fight recklessly!
You are too injured to fight recklessly!
You are too injured to fight recklessly!
You are too injured to fight recklessly!
You are too injured to fight recklessly!
You are too injured to fight recklessly!
You are too injured to fight recklessly!
You are too injured to fight recklessly!
You are too injured to fight recklessly!
You are too injured to fight recklessly!
You are too injured to fight recklessly!
You are too injured to fight recklessly!
You hit the black bear.
The black bear is severely wounded.
The black bear bites you.
The black bear claws you but does no damage.
The black bear misses you.
You hit the black bear but do no damage.
The black bear is severely wounded.
The black bear goes berserk!
You hit the black bear.
The black bear is almost dead.
The black bear barely misses you. The black bear closely misses you.
The black bear claws you but does no damage.
You hit the black bear but do no damage.
The black bear is almost dead.
The black bear bites you!
* * * LOW HITPOINT WARNING * * *
The black bear claws you.
* * * LOW HITPOINT WARNING * * *
The black bear misses you. The black bear barely misses you.
The black bear misses you. The black bear claws you.
You die...

# .. ... #>.. #
....$ #.#
#.....#####...#
#.....h@.<..#
#############


You could see a black bear (berserk).

Vanquished Creatures
  Jessica (D:2)
  2 adders (D:2)
  A ribbon worm (D:2)
  4 ball pythons
  3 bats
  7 endoplasms
  2 giant cockroaches
  9 goblins
  8 hobgoblins
  5 kobolds
  2 quokkas
  4 frilled lizards
  2 rats
50 creatures vanquished.

Notes
Turn   | Place    | Note
-------+----------+-------------------------------------------
     0 | D:1      | Gadfly the Demonspawn Monk began the quest for the Orb.
     0 | D:1      | Reached XP level 1. HP: 18/18 MP: 1/1
   124 | D:1      | Gained mutation: You are partially covered in thin metallic
                  | scales. (AC +2) [demonic ancestry]
   124 | D:1      | Reached XP level 2. HP: 12/24 MP: 2/2
   294 | D:1      | Reached skill level 1 in Evocations
  1050 | D:2      | Reached skill level 1 in Shapeshifting
  1085 | D:2      | Reached XP level 3. HP: 29/29 MP: 3/3
  1290 | D:2      | Noticed Jessica
  1295 | D:2      | Killed Jessica
  1296 | D:2      | Gained mutation: A meltable shield of frost defends you.
                  | (SH +4) [demonic ancestry]
  1296 | D:2      | Reached XP level 4. HP: 25/35 MP: 4/4
  2183 | D:2      | Found Fohiar's General Store.
  2527 | D:3      | Noticed a black bear
  2540 | D:3      | Slain by a black bear

Illustrated notes

Levels and vault maps discovered:
D:1:      co_arrival_random_square_maze, layout_basic
D:2:      cheibrodos_greedy_goblins, layout_basic, serial_shops, shop,
          st_stairs_9, minmay_misc_feat_x, minmay_indecisive_spiral,
          uniq_jessica
D:3:      layout_loops_ring, mainiacjoe_overflow_24_doors,
          lightli_sewer_entry_pipes, kennysheep_minor_cross, uniq_terence

Skill      XL: |  1  2  3  4 |
---------------+-------------+-----
Evocations     | 1 2 |  2.0
Unarmed Combat | 3 |  3.4
Shapeshifting  | 1 |  1.6
Dodging        | 3 |  3.1
Fighting       | |  3.0

Action                     |  1- 3 |  4- 6 || total
---------------------------+-------+-------++-------
  Melee: Unarmed           |    82 |    74 ||   156
    Use: Scroll            |     1 |     1 ||     2
         Potion            |       |     1 ||     1
 Armour: Robe              |    32 |    39 ||    71
  Dodge: Dodged            |    46 |    44 ||    90
